 Dungeon Crawl Stone Soup version 0.30-b1-2-g02819fbbbe (webtiles) character file.

Game seed: 12987192791053699419

113 Arzdou the Shield-Bearer (level 4, 0/41 HPs)
             Began as a Minotaur Fighter on May 23, 2023.
             Slain by a gnoll
             ... wielding a +0 spear
              (6 damage)
             ... on level 3 of the Dungeon.
             The game lasted 00:01:32 (1106 turns).

Arzdou the Shield-Bearer (Minotaur Fighter)         Turns: 1106, Time: 00:01:32

Health: 0/41       AC:  7    Str: 23    XL:     4   Next: 65%
Magic:  3/3        EV:  9    Int:  5    God:
Gold:   106        SH:  4    Dex:  9    Spells: 3/3 levels left

rFire   . . .        a - +0 flail
rCold   . . .        c - +0 buckler
rNeg    . . .        b - +0 scale mail
rPois   .            (helmet restricted)
rElec   .            (no cloak)
rCorr   .            (no gloves)
SInv    .            (no boots)
Will    .....        (no amulet) Stlth
                     (no ring)
HPRegen 0.26/turn    (no ring)
MPRegen 0.08/turn

%: no passive effects
@: no status effects
A: horns 2, retaliatory headbutt
a: no special abilities


You were on level 3 of the Dungeon.
You visited 1 branch of the dungeon, and saw 4 of its levels.

You collected 106 gold pieces.

Inventory:

Hand Weapons
 a - a +0 flail (weapon)
Armour
 b - a +0 scale mail (worn)
 c - a +0 buckler (worn)
Wands
 h - a wand of polymorph (11)
Scrolls
 f - 3 scrolls of identify {unknown}
Potions
 d - 2 potions of might
 e - a potion of flight {unknown}
 g - a potion of curing
 i - 2 potions of berserk rage {unknown}


   Skills:
 + Level 4.5 Fighting
 + Level 3.7 Maces & Flails
 + Level 4.5 Armour
 + Level 4.5 Shields


You had 3 spell levels left.
You didn't know any spells.
Your spell library was empty.

Dungeon Overview and Level Annotations

Branches:
Dungeon (4/15)
 Temple: D:4-7

Altars:


Innate Abilities, Weirdness & Mutations

You have a pair of horns on your head.
You reflexively headbutt those who attack you in melee.


Message History

The gnoll hits you from afar with a +0 spear.
The gnoll hits you with a +0 flail. The gnoll hits you but does no damage.
You are too injured to fight recklessly!
You are too injured to fight recklessly!
You are too injured to fight recklessly!
You are too injured to fight recklessly!
You are too injured to fight recklessly!
You are too injured to fight recklessly!
You are too injured to fight recklessly!
You are too injured to fight recklessly!
You are too injured to fight recklessly!
You are too injured to fight recklessly!
You are too injured to fight recklessly!
You are too injured to fight recklessly!
You are too injured to fight recklessly!
You are too injured to fight recklessly!
You are too injured to fight recklessly!
You are too injured to fight recklessly!
You closely miss the gnoll.
The gnoll is severely wounded.
You completely miss the gnoll. You headbutt the gnoll!
The gnoll is almost dead.
The gnoll barely misses you. You furiously retaliate!
You headbutt the gnoll!
You kill the gnoll!
You block the gnoll's attack. The gnoll hits you with a +0 flail.
* * * LOW HITPOINT WARNING * * *
You closely miss the gnoll. The gnoll hits you with a +0 spear.
* * * LOW HITPOINT WARNING * * *
The gnoll closely misses you.
You barely miss the gnoll. You headbutt the gnoll.
The gnoll is moderately wounded.
The gnoll barely misses you. You furiously retaliate!
You headbutt the gnoll. The gnoll closely misses you. You furiously retaliate!
You headbutt the gnoll.
You kill the gnoll!
The gnoll hits you with a +0 spear.
* * * LOW HITPOINT WARNING * * *
You barely miss the gnoll. You headbutt the gnoll.
The gnoll is severely wounded.
The gnoll hits you with a +0 spear.
You die...

#########
##........
......... ###
#........ #...
#.)..# #....
#@####
#.....#g########
....g...>.......
.....##.....####
.... .(.......#
..# #.##..##..#
. #. ...# ... #
...# ## ...#


You could see a gnoll.

Vanquished Creatures
  7 gnolls
  3 ball pythons
  3 bats (D:1)
  7 endoplasms
  5 giant cockroaches
  5 hobgoblins
  6 kobolds
  A quokka (D:1)
  2 frilled lizards (D:1)
  5 rats
44 creatures vanquished.

Notes
Turn   | Place    | Note
-------+----------+-------------------------------------------
     0 | D:1      | Arzdou the Minotaur Fighter began the quest for the Orb.
     0 | D:1      | Reached XP level 1. HP: 19/19 MP: 0/0
   172 | D:1      | Reached XP level 2. HP: 26/27 MP: 1/1
   530 | D:1      | Reached XP level 3. HP: 26/33 MP: 2/2
   985 | D:2      | Reached XP level 4. HP: 3/40 MP: 3/3
  1077 | D:2      | You fall into a shaft and drop 2 floors!
  1106 | D:3      | Slain by a gnoll

Illustrated notes

Levels and vault maps discovered:
D:1:      lightli_iron_boxes, layout_loops_cross, minmay_hexomino_c4
D:2:      layout_basic, minmay_joined_circles
D:3:      layout_basic, fedhas_ov_isle_minmay, ebering_ghost_sewer_d
D:4:      layout_rooms

Skill      XL: |  1  2 |
---------------+-------+-----
Armour         | 4 |  4.5
Fighting       | 4 |  4.5
Maces & Flails | 3 |  3.7
Shields        | 4 |  4.5

Action                     |  1- 3 |  4- 6 || total
---------------------------+-------+-------++-------
  Melee: Flail             |    84 |    11 ||    95
         Headbutt          |     8 |     3 ||    11
 Armour: Scale mail        |    46 |     2 ||    48
  Dodge: Dodged            |    46 |     7 ||    53
  Block: Buckler           |    23 |     1 ||    24
